 Dungeon Crawl Stone Soup version 0.19-a0-713-g934ebc7 (webtiles) character file.

15455 inmateoo the Basher (level 12, 0/75 HPs)
             Began as a Gargoyle Fighter on June 20, 2016.
             Was a Follower of Uskayaw.
             Slain by Snorg (5 damage)
             ... on level 11 of the Dungeon.
             The game lasted 00:16:03 (9312 turns).

inmateoo the Basher (Gargoyle Fighter)              Turns: 9312, Time: 00:16:04

Health: 0/75       AC: 29    Str: 26    XL:     12   Next: 27%
Magic:  2/11       EV: 10    Int: 10    God:    Uskayaw [*.....]
Gold:   38         SH: 12    Dex: 13    Spells: 3 memorised, 6 levels left

rFire  . . .     SeeInvis .     h - +9 spear of the Exiled Souls {pierce, Fragile Str+2 Dex+2}
rCold  + + .     Gourm    .     I - +0 chain mail {rC+}
rNeg   + . .     Faith    .     c - +0 shield
rPois  ∞         Spirit   .     a - +2 helmet
rElec  +         Dismiss  .     z - +0 cloak
rCorr  +         Reflect  .     u - +2 pair of gloves
SustAt .         Harm     .     m - +0 pair of boots
MR     .....                    C - amulet of magic regeneration
Stlth  ..........               X - ring of protection from cold
                                k - ring of resist corrosion

@: not resistant to hostile enchantments, extremely unstealthy
A: big wings, hooves 2, thin skeletal structure 1, low mp 1, negative energy
resistance 1, regeneration 1, screaming 1, electricity resistance, unbreathing,
petrification resistance, rot immunity, subdued magic 1, AC +8
a: Fly, Stomp, Renounce Religion


You were on level 11 of the Dungeon.
You worshipped Uskayaw.
Uskayaw was aware of your devotion.
You were hungry.

You visited 2 branches of the dungeon, and saw 12 of its levels.
You visited the Abyss 1 time.
You visited 1 bazaar.

You collected 771 gold pieces.
You spent 733 gold pieces at shops.

Inventory:

Hand Weapons
 h - the +9 spear of the Exiled Souls (weapon) {pierce, Fragile Str+2 Dex+2}
   (You found it on level 4 of the Dungeon)

   It inflicts extra damage upon your enemies.
   It affects your strength (+2).
   It affects your dexterity (+2).
   It will be destroyed if unequipped.
 i - a +1 flail of freezing
 v - a +0 flail of crushing
 G - the +3 great sword of Cocytus {vamp, Str+3 SInv, unknown}
   (You found it on level 6 of the Dungeon)

   It inflicts no extra harm, but heals its wielder somewhat when it strikes a
   living foe.
   It affects your strength (+3).
   It lets you see invisible.
Armour
 a - a +2 helmet (worn)
 c - a +0 shield (worn)
 m - a +0 pair of boots (worn)
 u - a +2 pair of gloves (worn)
 z - a +0 cloak (worn)
 I - a +0 chain mail of cold resistance (worn)
Jewellery
 k - a ring of resist corrosion (left hand)
 C - an amulet of magic regeneration (around neck)
 Q - an uncursed amulet of faith {unknown}
 V - an uncursed ring of sustain attributes
 X - a ring of protection from cold (right hand)
 Z - a +2 amulet of reflection {unknown}
Wands
 e - a wand of paralysis (13/24)
 g - a wand of heal wounds (5/9)
 o - a wand of iceblast (5/15)
 A - a wand of polymorph (17/24)
 B - a wand of flame (15/48)
 D - a wand of flame (25/48)
 H - a wand of disintegration (3/24)
 M - a wand of confusion (25/48)
 N - a wand of confusion (29/48)
 R - a wand of paralysis (16/24)
 S - a wand of acid (3/15)
 W - a wand of hasting (3/9)
Scrolls
 n - 7 scrolls of remove curse
 y - a scroll of magic mapping
 E - a scroll of fear
 F - 2 scrolls of recharging
 J - 2 scrolls of enchant weapon
 P - a scroll of amnesia
 T - 2 scrolls of teleportation
 U - a scroll of enchant armour
Potions
 b - 2 potions of flight
 d - a potion of might
 j - 2 potions of brilliance
 l - 2 potions of haste
 q - 2 potions of cure mutation
 t - 3 potions of heal wounds
 w - 2 potions of curing
 K - a potion of resistance
 L - a potion of lignification {unknown}
 O - 3 potions of degeneration {unknown}
Books
 Y - a book of Party Tricks

   Spells                             Type                      Level
   a - Summon Butterflies             Summoning                    1
   b - Apportation                    Translocation                1
   c - Tukima's Dance                 Hexes                        3
   d - Alistair's Intoxication        Transmutation/Poison         5
   e - Invisibility                   Hexes                        6
Comestibles
 f - 9 bread rations
 r - 10 meat rations
 s - a royal jelly
 x - 7 beef jerkies


   Skills:
 + Level 8.8 Fighting
 * Level 11.0 Maces & Flails
 + Level 6.3 Polearms
 + Level 8.8 Armour
 + Level 6.1 Dodging
 + Level 8.9 Shields
 * Level 0.4 Invocations


You had 6 spell levels left.
You knew the following spells:

 Your Spells              Type           Power        Failure   Level  Hunger
a - Regeneration          Chrm/Necr      #.........   100%        3    ####...
b - Summon Butterflies    Summ           #.......     100%        1    ##.....
c - Apportation           Tloc           #.........   100%        1    ##.....


Dungeon Overview and Level Annotations

Branches:
Dungeon (11/15)            Temple (1/1) D:6            Lair (0/6) D:9
    Orc: D:9-12

Altars:
Ashenzari
Cheibriados
Dithmenos
Elyvilon
Fedhas
Gozag
Hepliaklqana
Kikubaaqudgha
Makhleb
Nemelex Xobeh
Okawaru
Pakellas
Qazlal
Ru
Sif Muna
Trog
Uskayaw
Vehumet
Xom
Yredelemnul
Zin
The Shining One

Shops:
D:8 *

Annotations:
D:11 Snorg


Innate Abilities, Weirdness & Mutations

You are resistant to torment.
Your stone body is resilient. (AC +8)
You are immune to poison.
You resist negative energy. (rN+)
You are resistant to electric shocks. (rElec)
You can survive without breathing.
You are immune to petrification.
You are immune to rotting.
Your large and strong wings let you fly indefinitely.
You have hoof-like feet.
You have a somewhat thin skeletal structure. (Dex +2, Stealth)
Your magical capacity is low. (-10% MP)
Your natural rate of healing is unusually fast.
You occasionally shout uncontrollably at your foes.
Your spells are a little easier to cast, but a little less powerful.


Message History

Snorg is almost dead.
You feel somewhat more hungry. You block Snorg's attack. Snorg claws you!
* * * LOW HITPOINT WARNING * * *
Snorg claws you but does no damage.
Uskayaw will force your foes to helplessly watch your dance.
You stomp with the beat, sending a shockwave through the revelers around you!
Snorg is almost dead.
You are feeling hungry.
You block Snorg's attack. Snorg barely misses you. You block Snorg's attack.
Snorg barely misses you. x2; Snorg claws you.
* * * LOW HITPOINT WARNING * * *
Unknown command.
You stomp with the beat, sending a shockwave through the revelers around you!
Snorg is almost dead.
You feel somewhat more hungry.
You can no longer pass through a line of other dancers.
Snorg bites you!
* * * LOW HITPOINT WARNING * * *
You block Snorg's attack. Snorg claws you.
You die...

###.......#########**************
##.............#*..,,,,,,,,,,,,,,
.#........####.#*.######*********
.#........# #.#*.#....,,,,,,,,,*
.#........# #.#*....#*****,,**,*
..........# #.#*....# *,,,,,,
.....###### #.#*...,* *,***,*
.....#########.##T#+####***,,,,,*
................@..>....,********
#....########..#........,* ...###
#..#........,*
##.#*###****#..#........,*
##.##..,,,,,...##.######**
##..#.#****##.###.# +...#.# #.#
#.# ##....# #.# #.# ##.#..# #.#
#.#


You could see Snorg (berserk).

Vanquished Creatures
  Gastronok (D:8)
  2 very ugly things (Abyss:1)
  A rakshasa (Abyss:1)
  Erolcha (D:9)
  A great orb of eyes (Abyss:1)
  Erica (D:8)
  A wretched star (Abyss:1)
  An unseen horror (D:9)
  Pikel (D:8)
  A troll (D:10)
  Prince Ribbit (D:9)
  Sigmund (D:5)
  4 humans (D:11)
  A hungry ghost (D:9)
  A small abomination (Abyss:1)
  Edmund (D:4)
  A water moccasin (D:11)
  6 orc warriors
  2 sky beasts
  3 ice beasts
  4 slaves (D:8)
  A wasp (D:9)
  5 ogres
  4 phantoms
  10 centaurs
  Blork the orc (D:4)
  A big kobold (D:8)
  4 giant frogs
  A gnoll sergeant (D:9)
  A wyvern skeleton (D:9)
  5 scorpions
  12 wights
  4 killer bees (D:10)
  A howler monkey (D:10)
  6 crimson imps
  A centaur zombie (D:8)
  2 giant frog zombies
  A quasit (D:8)
  2 jellies
  Crazy Yiuf (D:4)
  11 orc priests
  5 hounds
  10 orc wizards
  A centaur skeleton (D:10)
  15 worker ants
  10 adders
  14 gnolls
  A howler monkey skeleton (D:9)
  2 shadow imps
  An ooze (D:1)
  An adder zombie (D:7)
  5 adder skeletons
  A worm (D:3)
  2 dart slugs
  6 giant geckos
  40 orcs
  A ball python (D:1)
  6 giant cockroaches
  7 goblins
  11 hobgoblins
  3 jackals (D:7)
  4 quokkas
  5 bats
  A giant gecko zombie (D:5)
  5 giant newts
  11 kobolds
  9 rats
  A fungus (D:9)
288 creatures vanquished.

Notes
Turn   | Place    | Note
--------------------------------------------------------------
     0 | D:1      | inmateoo the Gargoyle Fighter began the quest for the Orb.
     0 | D:1      | Reached XP level 1. HP: 14/14 MP: 1/1
    70 | D:1      | Reached XP level 2. HP: 9/19 MP: 2/2
   283 | D:1      | Reached XP level 3. HP: 22/23 MP: 3/3
   572 | D:2      | Reached skill level 3 in Maces & Flails
   642 | D:2      | Found an oddly glowing altar of Pakellas.
  1045 | D:3      | Reached XP level 4. HP: 29/29 MP: 4/4
  1490 | D:3      | Reached XP level 5. HP: 30/33 MP: 5/5
  1547 | D:3      | Noticed a phantom
  1617 | D:3      | Killed a phantom
  1617 | D:3      | Reached skill level 4 in Maces & Flails
  1617 | D:3      | Reached skill level 1 in Dodging
  1841 | D:3      | Reached XP level 6. HP: 38/38 MP: 6/6
  1951 | D:4      | Found an iron altar of Okawaru.
  1979 | D:4      | Got a slimy spear
  1980 | D:4      | Identified the +9 spear of the Exiled Souls {pierce, Fragile Str+2 Dex+2} (You found it on level 4 of the Dungeon)
  2044 | D:4      | Noticed Edmund
  2045 | D:4      | Noticed Crazy Yiuf
  2056 | D:4      | Killed Crazy Yiuf
  2057 | D:4      | Killed Edmund
  2057 | D:4      | Reached XP level 7. HP: 42/44 MP: 7/7
  2245 | D:4      | Reached skill level 1 in Polearms
  2249 | D:4      | Reached skill level 5 in Maces & Flails
  2326 | D:4      | Noticed Blork the orc
  2336 | D:4      | Killed Blork the orc
  2375 | D:4      | Found a snail-covered altar of Cheibriados.
  2399 | D:4      | Reached skill level 5 in Armour
  2630 | D:5      | Entered Level 5 of the Dungeon
  2637 | D:5      | Reached XP level 8. HP: 38/48 MP: 8/8
  2684 | D:5      | Found a glowing golden altar of the Shining One.
  2800 | D:5      | Reached skill level 5 in Fighting
  3075 | D:5      | Reached skill level 5 in Shields
  3216 | D:5      | Noticed Sigmund
  3224 | D:5      | Killed Sigmund
  3224 | D:5      | Reached skill level 6 in Maces & Flails
  3665 | D:6      | Reached XP level 9. HP: 50/55 MP: 9/9
  3792 | D:6      | Found an opulent altar of Gozag.
  3858 | D:6      | Got a twisted great sword
  4291 | D:6      | Found a staircase to the Ecumenical Temple.
  4444 | Temple   | Entered the Ecumenical Temple
  4490 | Temple   | Became a worshipper of Uskayaw the Reveler
  4596 | D:7      | Reached * piety under Uskayaw
  4603 | D:7      | Reached ** piety under Uskayaw
  4654 | D:7      | Reached *** piety under Uskayaw
  4712 | D:7      | Found a deep blue altar of Sif Muna.
  4745 | D:7      | Found a shimmering altar of Xom.
  4745 | D:7      | Found a shimmering altar of Xom.
  4747 | D:7      | Found a shimmering altar of Xom.
  4747 | D:7      | Found a shimmering altar of Xom.
  4767 | D:7      | Reached skill level 7 in Maces & Flails
  4831 | D:7      | Reached **** piety under Uskayaw
  4851 | D:7      | Reached ***** piety under Uskayaw
  4912 | D:7      | Noticed a swamp dragon
  5290 | D:8      | Noticed Gastronok
  5454 | D:8      | Killed Gastronok
  5454 | D:8      | Reached skill level 8 in Maces & Flails
  5454 | D:8      | Reached XP level 10. HP: 7/63 MP: 10/10
  5744 | D:8      | Noticed Pikel
  5758 | D:8      | Killed Pikel
  5998 | D:8      | Found a shadowy altar of Dithmenos.
  6260 | D:8      | Found a burning altar of Makhleb.
  6449 | D:8      | Reached skill level 9 in Maces & Flails
  6457 | D:8      | Found Uxzizib's Assorted Antiques.
  6468 | D:8      | Bought a potion of heal wounds for 115 gold pieces
  6468 | D:8      | Bought 2 dark potions for 41 gold pieces
  6468 | D:8      | Bought a twisted fluorescent amulet for 115 gold pieces
  6603 | D:8      | Reached skill level 5 in Polearms
  6616 | D:8      | Noticed Erica
  6638 | D:8      | Killed Erica
  6638 | D:8      | Reached XP level 11. HP: 33/67 MP: 11/11
  6803 | D:8      | Found a blossoming altar of Fedhas.
  6856 | D:9      | Reached skill level 5 in Dodging
  6861 | D:9      | Found a staircase to the Lair.
  6863 | D:9      | Noticed Prince Ribbit
  6879 | D:9      | Killed Prince Ribbit
  7003 | D:9      | Noticed Erolcha
  7014 | D:9      | Cast into level 1 of the Abyss (Erolcha)
  7045 | Abyss:1  | Noticed a starcursed mass
  7089 | Abyss:1  | Noticed a mottled draconian annihilator
  7099 | Abyss:1  | Noticed a rakshasa
  7101 | Abyss:1  | Noticed a great orb of eyes
  7107 | Abyss:1  | Noticed a starcursed mass
  7110 | Abyss:1  | Noticed a wretched star
  7152 | Abyss:1  | Noticed a bone dragon
  7227 | Abyss:1  | Noticed a wretched star
  7238 | Abyss:1  | Noticed a rakshasa
  7251 | Abyss:1  | Killed a wretched star
  7261 | Abyss:1  | Killed a rakshasa
  7284 | Abyss:1  | Noticed a great orb of eyes
  7284 | Abyss:1  | Paralysed by a great orb of eyes for 4 turns
  7294 | Abyss:1  | Paralysed by a great orb of eyes for 2 turns
  7300 | Abyss:1  | Noticed a cyan very ugly thing
  7301 | Abyss:1  | Killed a great orb of eyes
  7303 | Abyss:1  | Noticed a cyan very ugly thing
  7303 | Abyss:1  | Noticed a cyan very ugly thing
  7305 | Abyss:1  | Noticed a cyan very ugly thing
  7319 | Abyss:1  | Killed a white very ugly thing
  7319 | Abyss:1  | Reached skill level 10 in Maces & Flails
  7320 | Abyss:1  | Noticed a cyan very ugly thing
  7320 | Abyss:1  | Noticed a cyan ugly thing
  7330 | Abyss:1  | Reached ****** piety under Uskayaw
  7331 | Abyss:1  | Killed a brown very ugly thing
  7333 | D:9      | Escaped the Abyss
  7338 | D:9      | Killed Erolcha
  7547 | D:9      | Found a sacrificial altar of Ru.
  7547 | D:9      | Found a stormy altar of Qazlal.
  7663 | D:9      | Killed an unseen horror
  7737 | D:9      | Reached XP level 12. HP: 75/75 MP: 12/12
  7906 | D:9      | Learned a level 3 spell: Regeneration
  7908 | D:9      | Learned a level 1 spell: Summon Butterflies
  7922 | D:10     | Entered Level 10 of the Dungeon
  8309 | D:10     | Gained mutation: Your mind is acute. (Int +2) [mutagenic meat]
  8310 | D:10     | Gained mutation: Your large and strong wings let you fly indefinitely. [mutagenic meat]
  8311 | D:10     | Gained mutation: You possess an exceptional clarity of mind. [mutagenic meat]
  8312 | D:10     | Gained mutation: You occasionally shout uncontrollably at your foes. [mutagenic meat]
  8834 | D:11     | Lost mutation: Your mind is acute. (Int +2) [potion of mutation]
  8835 | D:11     | Gained mutation: You have large cloven feet. [potion of mutation]
  8835 | D:11     | Gained mutation: You have hoof-like feet. [potion of mutation]
  8835 | D:11     | Gained mutation: Your natural rate of healing is unusually fast. [potion of mutation]
  8870 | D:11     | Found a flickering gateway to a bazaar.
  8903 | D:11     | Reached skill level 11 in Maces & Flails
  8923 | Bazaar   | Entered a bazaar
  8937 | Bazaar   | Found Nymaepru's Weapon Emporium.
  8960 | Bazaar   | Found Yvaud's Book Emporium.
  8975 | Bazaar   | Found Bofi's Assorted Antiques.
  8983 | Bazaar   | Bought a potion of mutation for 70 gold pieces
  8983 | Bazaar   | Bought a scroll of identify for 56 gold pieces
  8986 | Bazaar   | Learned a level 1 spell: Apportation
  8992 | Bazaar   | Gained mutation: You have a somewhat thin skeletal structure. (Dex +2, Stealth) [potion of mutation]
  8992 | Bazaar   | Gained mutation: You are dopey. (Int -2) [potion of mutation]
  9007 | Bazaar   | Found Rekk's Weapon Shoppe.
  9026 | Bazaar   | Bought a runed chain mail for 126 gold pieces
  9026 | Bazaar   | Bought a scroll of enchant weapon for 210 gold pieces
  9258 | D:11     | Gained mutation: Your spells are a little easier to cast, but a little less powerful. [mutagenic meat]
  9261 | D:11     | Lost mutation: You are dopey. (Int -2) [mutagenic meat]
  9262 | D:11     | Lost mutation: You possess an exceptional clarity of mind. [mutagenic meat]
  9263 | D:11     | Gained mutation: Your magical capacity is low. (-10% MP) [mutagenic meat]
  9293 | D:11     | Noticed Snorg
  9312 | D:11     | Slain by Snorg

Vault maps used:
D:1:      dpeg_arrival_round_c
D:2:      old_standard_altar, first_bread
D:3:      kennysheep_six_static_rooms
D:4:      okawaru_ov_weapons_minmay, kennysheep_slug_shrine,
          uniq_crazy_yiuf_cottage, uniq_edmund, uniq_blork_the_orc
D:5:      lemuel_coloured_pillars_altar, minmay_misc_feat_ornament, uniq_sigmund
D:6:      nicolae_gozag_seed_capital, minmay_temple_entry_fiery
D:7:      basic_altar, grunt_ogre_cave, hex_medium, xom_shifter_show
D:8:      makhleb_grotto_becter, fedhas_altar_4, grunt_dithmenos_smoke,
          serial_shops, nicolae_shop_overgrown_old_shop, uniq_gastronok,
          uniq_erica, uniq_pikel
D:9:      nicolae_overflow_hidden_temple, dpeg_oklobed_lair,
          uniq_prince_ribbit1, uniq_erolcha
D:11:     serial_shops, bzr_entry_customers, grunt_decor_mini_mirrors,
          uniq_snorg
Temple:   circular_temple_pool_12
Abyss:1:  hangedman_eye_storm
Bazaar:   bazaar_long_row

Skill      XL: |  1  2  3  4  5  6  7  8  9 10 11 12 |
---------------+-------------------------------------+-----
Maces & Flails | 3 4 5 6 8 9 10 11 | 11.0
Fighting       | 4 5 7 8 |  8.8
Armour         | 4 5 7 8 |  8.8
Dodging        | 1 2 3 4 5 6 |  6.1
Shields        | 4 5 7 8 |  8.9
Polearms       | 1 2 4 5 6 |  6.3
Invocations    | |  0.4

Action                   |  1- 3 |  4- 6 |  7- 9 | 10-12 || total
-------------------------+-------+-------+-------+-------++-------
Melee: Flail             |   130 |   184 |       |       ||   314
       Spear             |       |    15 |   306 |   552 ||   873
Invok: Stomp             |       |       |       |     4 ||     4
       Line Pass         |       |       |       |     1 ||     1
Evoke: Wand              |       |       |       |     2 ||     2
  Use: Scroll            |       |    11 |     7 |     9 ||    27
       Potion            |       |       |     1 |     7 ||     8
 Stab: Paralysed         |       |       |     4 |    31 ||    35
       Distracted        |       |       |       |     1 ||     1
  Eat: Chunk             |       |     4 |    10 |    21 ||    35
       Royal jelly       |       |       |       |     1 ||     1
       Pizza             |       |       |       |     1 ||     1
       Beef jerky        |       |       |       |     1 ||     1
Armor: Scale mail        |    47 |       |       |       ||    47
       Plate armour      |    31 |   104 |   104 |   201 ||   440
       Chain mail        |       |       |       |    27 ||    27
Dodge: Dodged            |    33 |    30 |    45 |    88 ||   196
Block: Shield            |    75 |   105 |   110 |   208 ||   498
